Unix NetHack Version 5.0.0-0 post-release - last build May 23 2026 06:08:33 (1c0ff79ee797540d5714e4e18072db0edd9e58ae,branch:main).

Game began 2026-05-24 17:25:21, ended 2026-05-24 17:35:35.

IanCurtis, chaotic male elven Wizard

                                                              ------
                                   -----      ---------##     |....|
                                   |@...      |..... .|#######.....|
                                   |....      |.......|##   # |.<..|
                                   -.....     -.......|##     ---.--
                                   .....)        .....|##
                                   -......    ----  -.-##
                                   |{....G    |..|  |.|##
                                   |.......   |..   |.|##
                                   |.......----|-----.|#
                                   |.. .k.a@..........|#
                                   -- --------+------..#
                                                    |.|#
                                                    +.|#
                                                    |.|#
                                                    -.|#
                                                     .|#
                                                    ---#

IanCurtis the Conjurer    St:11 Dx:10 Co:14 In:20 Wi:10 Ch:11  Chaotic
Dlvl:7  $:83 HP:0(38) Pw:48(66) AC:8  Xp:5 T:1852 

Latest messages:
 The gnome shoots an arrow!
 You are almost hit by an arrow.
 The gnome shoots an arrow!
 You are hit by an arrow.
 You hit the gnome.
 The gnome swings his bow.
 The gnome hits!
 You kill the gnome!
 There is a gnome corpse here; eat it? [ynq] (n) y
 This gnome corpse is fatty.
 The gnome picks up a thonged club.
 You stop eating the gnome corpse.
 In what direction? l
 The spell hits the gnome!
 You kill the gnome!
 There is a partly eaten gnome corpse here; eat it? [ynq] (n) y
 You resume your meal.
 You finish eating the gnome corpse.
 There are several objects here.
 I - a scroll labeled FOOBIE BLETCH (2 in total).
 You descend the stairs.
 You hear a door open.
 You are in full health.
 You hear a door open.
 This door is locked.
 Unlock it with your key? [ynq] (q) n
 The soldier ant bites!
 The soldier ant stings!
 The soldier ant's sting was poisoned!
 What do you want to write with? [- ac-elF or ?*] -
 You write in the dust with your fingertip.
 What do you want to write in the dust here? Elbereth
 The soldier ant bites!
 The soldier ant stings!
 What do you want to drink? [fgnsvxzJK or ?*] g
 You feel completely healed.
 The soldier ant bites!
 The soldier ant stings!
 The soldier ant bites!
 The soldier ant stings!
 What do you want to write with? [- ac-elF or ?*] -
 Do you want to add to the current engraving? [ynq] (y) n
 You wipe out the message that was written in the dust here.
 You write in the dust with your fingertip.
 What do you want to write in the dust here? Elbereth
 The soldier ant bites!
 The soldier ant stings!
 The soldier ant bites!
 You die...
 Do you want your possessions identified? [ynq] (y) q

Inventory:
 Coins    ('$')
  $ - 83 gold pieces
 Weapons  (')')
  a - a blessed +1 quarterstaff (weapon in hands)
 Armor    ('[')
  p - an uncursed +0 orcish helm (being worn)
  b - an uncursed +0 cloak of magic resistance (being worn)
 Comestibles  ('%')
  B - an uncursed cram ration
  D - an uncursed food ration
  M - an uncursed lembas wafer
  N - 2 uncursed tins of deep fried Uruk-hai meat
 Scrolls  ('?')
  A - an uncursed scroll of destroy armor
  h - an uncursed scroll of earth
  y - a cursed scroll of earth
  E - a cursed scroll of enchant armor
  r - an uncursed scroll of fire
  i - 2 uncursed scrolls of identify
  I - 2 uncursed scrolls of light
  w - an uncursed scroll of magic mapping
  H - an uncursed scroll of remove curse
  L - a cursed scroll of teleportation
 Spellbooks  ('+')
  j - a blessed spellbook of force bolt
  t - an uncursed spellbook of jumping
 Potions  ('!')
  x - an uncursed potion of booze
  v - a blessed potion of healing
  s - 2 uncursed potions of healing
  f - 2 uncursed potions of invisibility
  J - an uncursed potion of object detection
  z - a blessed potion of restore ability
  K - an uncursed potion of see invisible
  n - an uncursed potion of water
 Rings    ('=')
  d - an uncursed ring of cold resistance
  e - an uncursed ring of polymorph
 Wands    ('/')
  c - a wand of create monster (0:12)
  F - a wand of sleep (0:5)
 Tools    ('(')
  l - a magic marker (0:20)
  u - a cursed oil lamp
  k - an uncursed skeleton key
  G - an uncursed tallow candle

IanCurtis the Wizard's attributes:

Background:
 You were a Conjurer, a level 5 male elven Wizard.
 You were chaotic, nominally on a mission for Anhur
 who was opposed by Ptah (lawful) and Thoth (neutral).
 You were right-handed.
 You were in the Gnomish Mines, on level 7.
 You entered the dungeon 1852 turns ago.
 You had 301 experience points, 19 more were needed to attain level 6.

Basics:
 You had 0 out of 38 hit points.
 You had 48 out of 66 energy points (spell power).
 Your armor class was 8.
 Your wallet contained 83 zorkmids.
 Autopickup was off.

Final Characteristics:
 Your strength was 11 (limit:18).
 Your dexterity was 10 (limit:18).
 Your constitution was 14 (limit:16).
 Your intelligence was 20 (limit:20).
 Your wisdom was 10 (limit:20).
 Your charisma was 11 (limit:18).

Final Status:
 You weren't hungry.
 You were unencumbered.
 You were wielding a quarterstaff.
 You had basic skill with quarterstaff.

Final Attributes:
 You were devoutly aligned.
 You were magic-protected.
 You were sleep resistant.
 You were telepathic.
 You had infravision.
 You were warded.
 You are dead.

Miscellaneous:
 You encountered 1 bones level.
 Total elapsed playing time was 10 minutes and 13 seconds.

Major events:
 Turn
    1: IanCurtis the chaotic male elven Wizard entered the dungeon
  969: entered the Gnomish Mines
  980: attained the rank of Conjurer (level 3)
 1839: reached Mine Town
 1852: killed by a soldier ant

Spells:
 Name                 Level Category     Fail Retention
 force bolt             1   attack         0%  91%-100%
 jumping                1   escape         0%  76%-100%

Skills:
 Fighting Skills
   bare handed combat [Unskilled]
   riding             [Unskilled]
 Weapon Skills
   dagger             [Unskilled]
   knife              [Unskilled]
   axe                [Unskilled]
   short sword        [Unskilled]
   club               [Unskilled]
   mace               [Unskilled]
   quarterstaff       [Basic]
   polearms           [Unskilled]
   spear              [Unskilled]
   trident            [Unskilled]
   sling              [Unskilled]
   dart               [Unskilled]
   shuriken           [Unskilled]
 Spellcasting Skills
   attack spells      [Basic]
   healing spells     [Unskilled]
   divination spells  [Unskilled]
   enchantment spells [Basic]
   clerical spells    [Unskilled]
   escape spells      [Unskilled]
   matter spells      [Unskilled]

Voluntary challenges:
 Character rerolling was not enabled.
 You were an atheist.
 You never genocided any monsters.
 You never polymorphed an object.
 You never changed form.
 You used no wishes.
Achievements:
 You entered a shop.
 You entered the Gnomish Mines.
 You attained the rank of Conjurer.
 You entered Minetown.

 The Dungeons of Doom: levels 1 to 4
    Level 1:
       A fountain.
    Level 2:
       A potion shop, a fountain.
    Level 3:
       Some fountains.
    Level 4:
       Stairs down to The Gnomish Mines.
 The Gnomish Mines: levels 5 to 7
    Level 5:
    Level 6:
    Level 7: <- You were here.
       Some fountains, a grave.
       Final resting place for
          you, killed by a soldier ant,
          benignrick-Arc-Dwa-Fem-Law, killed by a soldier ant,
          sillyninny-Pri-Hum-Fem-Cha, killed by a hallucinogen-distorted soldier ant,
          Lettuce-Tou-Hum-Fem-Neu, killed by a soldier ant.


Vanquished creatures:
  3 gnome leaders
  2 gnomish wizards
  a little dog
  a floating eye
  a kitten
  4 dwarves
  2 hill orcs
  a coyote
  a hobbit
  2 cave spiders
 15 gnomes
  2 geckos
  a jackal
  a kobold
  a goblin
  a sewer rat
  2 grid bugs
  3 kobold zombies
  5 newts
49 creatures vanquished.

No species were genocided or became extinct.

Game over:
                       ----------
                      /          \
                     /    REST    \
                    /      IN      \
                   /     PEACE      \
                  /                  \
                  |    IanCurtis     |
                  |      83 Au       |
                  |   killed by a    |
                  |   soldier ant    |
                  |                  |
                  |                  |
                  |       2026       |
                 *|     *  *  *      | *
        _________)/\\_//(\/(/\)/\//\/|_)_______

Goodbye IanCurtis the Wizard...

You died in The Gnomish Mines on dungeon level 7 with 1579 points,
and 83 pieces of gold, after 1852 moves.
You were level 5 with a maximum of 38 hit points when you died.

